 Dungeon Crawl Stone Soup version 0.22-a0-553-g9358b0b (webtiles) character file.

24014 iamserjio the Cleaver (level 13, -24/82 HPs)
             Began as a Gargoyle Fighter on June 25, 2018.
             Was a High Priest of Makhleb.
             Annihilated by a five-headed hydra simulacrum (42 damage)
             ... on level 1 of the Lair of Beasts.
             The game lasted 00:54:46 (6633 turns).

iamserjio the Cleaver (Gargoyle Fighter)            Turns: 6633, Time: 00:54:46

Health: -24/82     AC: 34    Str: 24    XL:     13   Next: 10%
Magic:  20/20      EV:  7    Int:  9    God:    Makhleb [*****.]
Gold:   35         SH: 12    Dex: 10    Spells: 12/12 levels left

rFire    + . .     SeeInvis .   G - +3 broad axe
rCold    x . .     Gourm    .   c - +1 shield
rNeg     + . .     Faith    .   J - +2 chain mail {rPois}
rPois    ∞         Spirit   .   U - +2 helmet
rElec    +         Reflect  .   (no cloak)
rCorr    .         Harm     .   r - +2 pair of gloves
MR       .....     Clarity  +   (no boots)
Stlth    ..........             d - amulet of regeneration
HPRegen  0.63/turn              M - ring of fire
MPRegen  0.17/turn              t - +5 ring of slaying

@: no status effects
A: slimy green scales 1, yellow scales 1, clarity, negative energy resistance 1,
electricity resistance, unbreathing, petrification resistance, rot immunity, AC
+9
a: Minor Destruction, Lesser Servant of Makhleb, Major Destruction, Greater
Servant of Makhleb, Renounce Religion


You were on level 1 of the Lair of Beasts.
You worshipped Makhleb.
Makhleb was extremely pleased with you.
You were hungry.

You visited 4 branches of the dungeon, and saw 17 of its levels.
You also visited: Ossuary.

You collected 1052 gold pieces.
You spent 1017 gold pieces at shops.

Inventory:

Hand Weapons
 a - a +1 flail of crushing
 i - a +1 battleaxe of electrocution
 x - a +1 demon trident of electrocution
 B - a +2 great mace of protection
 G - a +3 broad axe (weapon)
 K - a +0 trident of distortion
 N - a +2 flail of draining
 R - a +2 great mace of holy wrath
Missiles
 w - 6 curare-tipped needles {!f}
 y - a throwing net (quivered) {!f}
Armour
 c - a +1 shield (worn)
 g - a +4 ring mail
 o - a +2 ring mail of fire resistance
 r - a +2 pair of gloves (worn)
 J - a +2 chain mail of poison resistance (worn)
 U - a +2 helmet (worn)
 V - a +0 troll leather armour
 X - a +0 plate armour
Jewellery
 b - an uncursed ring of resist corrosion
 d - an amulet of regeneration (around neck)
 t - a +5 ring of slaying (right hand)
 M - a ring of fire (left hand)
Wands
 n - a wand of disintegration (10)
 z - a wand of enslavement (33)
 D - a wand of paralysis (10)
 O - a wand of polymorph (6)
 W - a wand of digging (8)
Scrolls
 k - a scroll of fog
 q - 2 scrolls of teleportation
 F - 4 scrolls of remove curse {@r2}
 L - 2 scrolls of fear
 S - a scroll of immolation
Potions
 e - 6 potions of curing {@q1}
 h - 3 potions of mutation
 p - 2 potions of agility
 s - 2 potions of lignification {unknown}
 u - a potion of magic {unknown}
 v - 2 potions of resistance
 A - a potion of cancellation {unknown}
 C - 2 potions of invisibility
 E - a potion of brilliance
 T - a potion of haste {unknown}
Comestibles
 f - 21 rations


   Skills:
 + Level 10.3 Fighting
 * Level 12.9 Axes
 + Level 10.0 Armour
 - Level 8.0 Shields
 + Level 9.7 Invocations


You had 12 spell levels left.
You didn't know any spells.
Your spell library contained the following spells:

 Spells                   Type           Power        Failure   Level  Hunger
 Spider Form              Tmut/Pois      #.........   100%        3    ####...
 Blade Hands              Tmut           #.........   100%        5    ######.
 Ice Form                 Ice/Tmut       #.......     100%        4    #####..
 Sticks to Snakes         Tmut           #.......     100%        2    ###....
 Beastly Appendage        Tmut           #.....       99%         1    ##.....


Dungeon Overview and Level Annotations

Branches:
Dungeon (13/15)            Temple (1/1) D:4            Lair (1/6) D:9
    Orc (2/2) D:12            Elf (0/3) Orc:2
 Vaults: D:13-14

Altars:
Dithmenos
Elyvilon
Hepliaklqana
Makhleb
Okawaru
Trog
Uskayaw
Vehumet
Wu Jian
Xom
Yredelemnul
Zin

Shops:
D:10 [   Orc:1 =   Orc:2 *}:[

Annotations:
D:7 1 transporter
Lair:1 1 transporter


Innate Abilities, Weirdness & Mutations

You are resistant to torment.
Your stone body is resilient. (AC +9)
You are immune to poison.
You resist negative energy. (rN+)
You are resistant to electric shocks. (rElec)
You can survive without breathing.
You are immune to petrification.
You are immune to rotting.
You are partially covered in slimy green scales. (AC +2)
You are partially covered in yellow scales. (AC +2)
You possess an exceptional clarity of mind.


Message History

Okay, then.
Press: ? - help, Shift-Dir - straight line, f - five-headed hydra simulacrum
Aim: a five-headed hydra simulacrum (freezing vapour)
You hear a mighty clap of thunder!
The bolt of lightning hits the five-headed hydra simulacrum.
The five-headed hydra simulacrum is heavily damaged.
You hear a screech!
You hear an angry hiss.
You block the anaconda simulacrum's attack.
The anaconda simulacrum bites you but does no damage.
The anaconda simulacrum constricts you but does no damage.
You block the anaconda simulacrum's attack.
You block the five-headed hydra simulacrum's attack.
The five-headed hydra simulacrum bites you but does no damage. x2
The five-headed hydra simulacrum completely misses you.
The five-headed hydra simulacrum bites you.
* * * LOW HITPOINT WARNING * * *
The five-headed hydra simulacrum freezes you!!!
You feel a terrible chill!
Ouch! That really hurt!
You die...

#..: #.... .. .... #####
.. ##..######## §.§§#
... #...#§§§§§§#§§§§§#
... ####..#§§§§§§#§.§§§#
...##P##..#§§#.#.§§§§[%#
.........©#§§©..@Z§§§)©#
..........#§§#.#.Z§.§[!#
....÷}....#§§§§§§#§§§§§#
..........#§§§§§§#§§§§§#
P..##.....######## §§§§#
### #.......... #####
#<......... #..........
#.....#P##.


You could see an anaconda simulacrum and a five-headed hydra simulacrum.

Vanquished Creatures
  Donald (Orc:2)
  A tengu warrior (D:10)
  6 two-headed ogres
  2 orc high priests (Orc:2)
  5 orc knights
  An orc sorcerer (Orc:1)
  A cyclops (D:10)
  Joseph (D:10)
  4 trolls
  4 hippogriffs
  4 slime creatures (D:12)
  Sigmund (D:6)
  5 yaks (D:9)
  A hungry ghost (D:10)
  2 wargs (Orc:1)
  Edmund (D:6)
  A water moccasin (D:8)
  27 orc warriors
  A necrophage (D:7)
  2 ice beasts (D:10)
  2 sky beasts
  15 ogres
  3 wolves (Lair:1)
  The ghost of inc the Skirmisher, an amateur OpWz (D:3)
  2 centaurs
  A crocodile (D:8)
  Blork the orc (D:6)
  6 bullfrogs
  A wyvern zombie (D:12)
  3 scorpions
  8 killer bees
  2 electric eels (D:9)
  6 crimson imps
  A komodo dragon simulacrum (Lair:1)
  A bullfrog zombie (D:4)
  22 orc priests
  2 jellies
  2 centaur zombies
  12 hounds
  2 human zombies (Ossuary)
  12 orc wizards
  A centaur skeleton (D:4)
  An iguana (D:4)
  Natasha (twice) (D:2)
  2 worker ants
  A big kobold zombie (Ossuary)
  A hound skeleton (D:5)
  A porcupine simulacrum (Lair:1)
  A howler monkey zombie (D:11)
  4 mummies (Ossuary)
  4 gnolls (D:8)
  14 adders
  A crocodile simulacrum (Lair:1)
  A shadow imp (D:6)
  2 adder skeletons (D:6)
  2 worms
  2 dart slugs
  3 leopard geckos
  57 orcs
  A ball python (D:3)
  5 giant cockroaches
  5 goblins
  3 hobgoblins
  8 jackals
  6 quokkas
  6 bats
  4 frilled lizards
  3 hobgoblin zombies (Ossuary)
  A jackal skeleton (D:8)
  2 kobolds
  A kobold zombie (Ossuary)
  An orc zombie (Ossuary)
  4 rats
  3 plants
329 creatures vanquished.

Vanquished Creatures (collateral kills)
  3 orc high priests (Orc:2)
  An orc knight (Orc:2)
  2 orc warriors
  An orc priest (Orc:1)
  2 orcs (Orc:2)
9 creatures vanquished.

Grand Total: 338 creatures vanquished

Notes
Turn   | Place    | Note
-------+----------+-------------------------------------------
     0 | D:1      | iamserjio the Gargoyle Fighter began the quest for the Orb.
     0 | D:1      | Reached XP level 1. HP: 14/14 MP: 1/1
     6 | D:1      | Reached skill level 2 in Axes
   104 | D:2      | Reached XP level 2. HP: 19/19 MP: 2/2
   111 | D:2      | Found a radiant altar of Vehumet.
   113 | D:2      | Found a shadowy altar of Dithmenos.
   119 | D:2      | Noticed a centaur
   120 | D:2      | Noticed Natasha
   132 | D:2      | Noticed a crimson imp
   132 | D:2      | Killed Natasha
   132 | D:2      | Reached skill level 3 in Axes
   132 | D:2      | Reached XP level 3. HP: 17/23 MP: 3/3
   140 | D:2      | Killed a centaur
   140 | D:2      | Reached skill level 4 in Axes
   140 | D:2      | Reached XP level 4. HP: 19/28 MP: 4/4
   189 | D:2      | Reached XP level 5. HP: 25/32 MP: 5/5
   366 | D:2      | Noticed Natasha
   368 | D:2      | Found a glowing silver altar of Zin.
   368 | D:2      | Found a white marble altar of Elyvilon.
   374 | D:2      | Killed Natasha
   392 | D:2      | Reached skill level 5 in Axes
   623 | D:3      | Found a runed door.
   623 | D:3      | Noticed inc's ghost (amateur OpWz)
   640 | D:3      | Killed inc's ghost
   640 | D:3      | Reached XP level 6. HP: 35/37 MP: 6/6
   914 | D:4      | Reached skill level 6 in Axes
   997 | D:4      | Found a staircase to the Ecumenical Temple.
  1006 | Temple   | Entered the Ecumenical Temple
  1047 | Temple   | Became a worshipper of Makhleb the Destroyer
  1083 | D:4      | Reached XP level 7. HP: 41/41 MP: 7/7
  1173 | D:5      | Entered Level 5 of the Dungeon
  1247 | D:5      | Reached skill level 1 in Invocations
  1442 | D:5      | Found a sand-covered staircase.
  1446 | Ossuary  | Entered an ossuary
  1495 | Ossuary  | Reached XP level 8. HP: 17/48 MP: 9/9
  1520 | Ossuary  | Reached skill level 7 in Axes
  1613 | Ossuary  | Reached * piety under Makhleb
  1760 | D:5      | Reached skill level 5 in Armour
  1826 | D:6      | Found an ornate altar of the Wu Jian Council.
  1826 | D:6      | Noticed Sigmund
  1830 | D:6      | Killed Sigmund
  2022 | D:6      | Noticed Blork the orc
  2040 | D:6      | Killed Blork the orc
  2207 | D:6      | Reached XP level 9. HP: 53/53 MP: 11/11
  2210 | D:6      | Noticed Edmund
  2227 | D:6      | Killed Edmund
  2227 | D:6      | Reached skill level 5 in Fighting
  2227 | D:6      | Reached skill level 5 in Shields
  2299 | D:7      | Reached skill level 8 in Axes
  2396 | D:7      | Reached ** piety under Makhleb
  2766 | D:7      | Noticed a kobold demonologist
  2769 | D:7      | Found a transporter.
  2774 | D:7      | Found a transporter.
  2805 | D:7      | Noticed a rust devil
  2914 | D:9      | Noticed a troll
  2950 | D:9      | Killed a troll
  2950 | D:9      | Reached skill level 9 in Axes
  2950 | D:9      | Reached skill level 5 in Invocations
  2970 | D:10     | Entered Level 10 of the Dungeon
  3031 | D:9      | Noticed a two-headed ogre
  3037 | D:9      | Killed a two-headed ogre
  3037 | D:9      | Reached XP level 10. HP: 27/61 MP: 12/14
  3181 | D:9      | Noticed a two-headed ogre
  3189 | D:9      | Killed a two-headed ogre
  3189 | D:9      | Reached skill level 10 in Axes
  3261 | D:9      | Found a staircase to the Lair.
  3352 | D:8      | Reached *** piety under Makhleb
  3513 | D:8      | Found an iron altar of Okawaru.
  3664 | D:8      | Noticed a two-headed ogre
  3674 | D:8      | Killed a two-headed ogre
  3674 | D:8      | Reached XP level 11. HP: 29/68 MP: 14/16
  3864 | D:10     | Found a hide-covered altar of Uskayaw.
  3991 | D:10     | Noticed Joseph
  4008 | D:10     | Killed Joseph
  4024 | D:10     | Noticed a two-headed ogre
  4034 | D:10     | Killed a two-headed ogre
  4058 | D:10     | Noticed a tengu warrior
  4078 | D:10     | Killed a tengu warrior
  4173 | D:10     | Found Fisir's Antique Armour Boutique.
  4173 | D:10     | Noticed a two-headed ogre
  4183 | D:10     | Killed a two-headed ogre
  4243 | D:10     | Noticed a two-headed ogre
  4249 | D:10     | Killed a two-headed ogre
  4249 | D:10     | Reached skill level 11 in Axes
  4269 | D:10     | Noticed a cyclops
  4278 | D:10     | Killed a cyclops
  4339 | D:11     | Reached **** piety under Makhleb
  4609 | D:12     | Found a staircase to the Orcish Mines.
  4767 | D:12     | Reached XP level 12. HP: 58/75 MP: 18/18
  4821 | Orc:1    | Entered Level 1 of the Orcish Mines
  5021 | Orc:2    | Entered Level 2 of the Orcish Mines
  5205 | Orc:2    | Found a staircase to the Elven Halls.
  5331 | Orc:2    | Noticed Donald
  5342 | Orc:2    | Killed Donald
  5565 | Orc:2    | Reached skill level 12 in Axes
  5586 | Orc:2    | Noticed an orc high priest
  5615 | Orc:1    | Gained mutation: You are partially covered in slimy green scales. (AC +2) [potion of mutation]
  5615 | Orc:1    | Gained mutation: You possess an exceptional clarity of mind. [potion of mutation]
  5615 | Orc:1    | Gained mutation: You are partially covered in yellow scales. (AC +2) [potion of mutation]
  5660 | Orc:2    | Killed an orc high priest
  5681 | Orc:2    | Reached ***** piety under Makhleb
  5763 | Orc:2    | Noticed an orc high priest
  5765 | Orc:2    | Noticed an orc high priest
  5772 | Orc:2    | Killed an orc high priest
  5783 | Orc:2    | Noticed a soul eater
  5809 | Orc:1    | Paralysed by an orc sorcerer for 4 turns
  5850 | Orc:1    | Found Gaidiusi's Jewellery Emporium.
  6019 | Orc:2    | Killed an orc high priest
  6019 | Orc:2    | Reached skill level 10 in Fighting
  6052 | Orc:2    | Noticed an orc high priest
  6056 | Orc:2    | Noticed an orc high priest
  6061 | Orc:2    | Killed an orc high priest
  6065 | Orc:2    | Killed an orc high priest
  6065 | Orc:2    | Reached XP level 13. HP: 36/82 MP: 20/20
  6189 | Orc:2    | Reached skill level 10 in Armour
  6224 | Orc:2    | Found Lucipsy's General Store.
  6225 | Orc:2    | Found Eju Ymoc's Book Emporium.
  6225 | Orc:2    | Found Wysoig's Gadget Shoppe.
  6226 | Orc:2    | Found Lazogyho's Antique Armour Shoppe.
  6240 | Orc:2    | Bought a potion of invisibility for 120 gold pieces
  6242 | Orc:2    | Bought a wand of digging (8) for 336 gold pieces
  6245 | Orc:2    | Bought a spiked helmet for 361 gold pieces
  6255 | Orc:2    | Identified the cursed -6 helmet of Resourcefulness {rF+ Dex+3} (You bought it in a shop on level 2 of the Orcish Mines)
  6380 | Orc:1    | Bought an uncursed ring of resist corrosion for 200 gold pieces
  6598 | Lair:1   | Entered Level 1 of the Lair of Beasts
  6598 | Lair:1   | Found a transporter.
  6625 | Lair:1   | Found a transporter.
  6633 | Lair:1   | Annihilated by a five-headed hydra simulacrum

Vault maps used:
D:1:      minmay_arrival_radiant_lines, minivault_24
D:2:      nicolae_overflow_hidden_temple,
          chequers_temple_overflow_statue_of_worship, serial_forest,
          infiniplex_forest_join, infiniplex_forest_clump_tiny,
          infiniplex_forest_clump_small, infiniplex_forest_corner_2,
          infiniplex_forest_clump_large, infiniplex_forest_lined_corner,
          infiniplex_forest_zigzag_1, infiniplex_forest_lined_room_2,
          infiniplex_forest_clump_diagonal, patterned_corridor, uniq_natasha
D:3:      gammafunk_ghost_grave, tgw_xom
D:4:      minmay_temple_entry_crystal_x, first_ration
D:5:      kennysheep_big_flooded_room, lightli_ossuary_entry_decrepit_ruins,
          serial_corexii_hall, corexii_hall_statues_x, corexii_hall_statues_x,
          kennysheep_generic_room_3
D:6:      old_standard_altar, fedhas_altar_3, uniq_blork_the_orc, uniq_edmund,
          uniq_sigmund, uniq_pikel
D:7:      gammafunk_wand_slinger, serial_column_ruins, column_ruins_grid_1,
          column_ruins_grid_1, column_ruins_grid_1
D:8:      okawaru_gym_becter, david_defended_altar_orc
D:9:      erik_lair_island
D:10:     serial_shops, nicolae_shop_crystal, basic_altar, grunt_tengu_nest,
          uniq_joseph
D:12:     orc_0_dummy
D:13:     uniq_urug, uniq_sonja, uniq_maurice
Temple:   regret_index_temple_generic_petals
Lair:1:   gammafunk_cloud_chamber
Orc:1:    serial_shops, nicolae_shop_stone, nicolae_orc_sculptors_studio
Orc:2:    st_orc_pillars, nicolae_orc_lava_tube, uniq_donald
Ossuary:  ossuary_crypta

Skill      XL: |  1  2  3  4  5  6  7  8  9 10 11 12 13 |
---------------+----------------------------------------+-----
Axes           | 2 3 4 5 6 7 9 10 11 12 | 12.9
Armour         | 4 6 7 8 9 10 | 10.0
Invocations    | 1 3 5 6 8 9 |  9.7
Shields        | 4 6 7 8 |  8.0
Fighting       | 4 6 7 8 10 | 10.3

Action                   |  1- 3 |  4- 6 |  7- 9 | 10-12 | 13-15 || total
-------------------------+-------+-------+-------+-------+-------++-------
Melee: War axe           |    33 |   183 |   179 |       |       ||   395
       Broad axe         |       |       |   191 |   671 |    34 ||   896
Invok: Lesser Servant of |       |       |       |     6 |     2 ||     8
       Major Destruction |       |       |       |       |     1 ||     1
Evoke: Wand              |       |       |     6 |    24 |     5 ||    35
  Use: Potion            |     2 |       |     3 |     7 |       ||    12
       Scroll            |       |     7 |    10 |    11 |     1 ||    29
 Stab: Paralysed         |       |       |       |    11 |       ||    11
       Distracted        |       |       |       |     1 |       ||     1
  Eat: Chunk             |       |       |    12 |     7 |     2 ||    21
       Ration            |       |       |       |     2 |       ||     2
Armor: Scale mail        |    18 |   102 |   223 |   192 |       ||   535
       Chain mail        |       |       |       |   165 |    29 ||   194
       Plate armour      |       |       |       |     8 |       ||     8
Dodge: Dodged            |    12 |    59 |   114 |   178 |     8 ||   371
Block: Shield            |    27 |   100 |   189 |   365 |    23 ||   704

Table legend:
 A = Spawn XP
 B = Non-spawn XP
 C = Spawn XP percentage of total XP
 D = Spawn monster count
 E = Non-spawn monster count
 F = Spawn count percentage of total count
 G = Total turns spent on level
                    A         B        C        D         E        F      G
               +---------+---------+-------+---------+---------+-------+---------
         Total |       0 |   34306 |   0.0 |       0 |     335 |   0.0 |  6633
               +---------+---------+-------+---------+---------+-------+---------
           D:1 |       0 |      11 |   0.0 |       0 |       7 |   0.0 |   105
           D:2 |       0 |     220 |   0.0 |       0 |      17 |   0.0 |   339
           D:3 |       0 |     165 |   0.0 |       0 |      15 |   0.0 |   407
           D:4 |       0 |     350 |   0.0 |       0 |      11 |   0.0 |   285
           D:5 |       0 |     596 |   0.0 |       0 |      20 |   0.0 |   498
           D:6 |       0 |    1040 |   0.0 |       0 |      14 |   0.0 |   385
           D:7 |       0 |    1436 |   0.0 |       0 |      26 |   0.0 |   586
           D:8 |       0 |    1639 |   0.0 |       0 |      19 |   0.0 |   407
           D:9 |       0 |    4422 |   0.0 |       0 |      29 |   0.0 |   545
          D:10 |       0 |    5733 |   0.0 |       0 |      18 |   0.0 |   585
          D:11 |       0 |    1247 |   0.0 |       0 |      16 |   0.0 |   351
          D:12 |       0 |    1675 |   0.0 |       0 |      10 |   0.0 |   194
          D:13 |       0 |       3 |   0.0 |       0 |       1 |   0.0 |    23
        Temple |       0 |       1 |   0.0 |       0 |       1 |   0.0 |    70
        Lair:1 |       0 |     426 |   0.0 |       0 |       6 |   0.0 |    35
         Orc:1 |       0 |    4220 |   0.0 |       0 |      37 |   0.0 |   688
         Orc:2 |       0 |   10935 |   0.0 |       0 |      76 |   0.0 |   911
       Ossuary |       0 |     187 |   0.0 |       0 |      12 |   0.0 |   219
               +---------+---------+-------+---------+---------+-------+---------
